 Dungeon Crawl Stone Soup version 0.29.1-15-g9cfb28693d (webtiles) character file.

Game seed: 8437190184385506769

107202 Gumption the Severer (level 15, 0/217 HPs)
             Began as a Minotaur Berserker on Mar 27, 2023.
             Was a High Priest of Trog.
             Constricted to death by a shambling mangrove (7 damage)
             ... on level 1 of the Swamp.
             The game lasted 03:19:06 (29883 turns).

Gumption the Severer (Minotaur Berserker)          Turns: 29883, Time: 03:19:08

Health: 0/217      AC: 31    Str: 24    XL:     15   Next: 99%
Magic:  14/14      EV:  5    Int:  6    God:    Trog [*****.]
Gold:   1834       SH: 12    Dex: 11    Spells: 14/14 levels left

rFire   . . .      SeeInvis .   a - +2 broad axe (vorpal)
rCold   + + .      Faith    .   L - +0 kite shield {reflect}
rNeg    . . .      Spirit   .   P - +2 crystal plate armour {rC+}
rPois   +          Reflect  +   (helmet restricted)
rElec   .          Harm     .   w - +2 cloak {rPois}
rCorr   .          Rampage  .   G - +1 pair of gloves
Will    ++...                   s - +0 pair of boots
Stlth   ..........              d - amulet of the acrobat
HPRegen 0.46/turn               n - ring of flight
MPRegen 0.14/turn               D - ring of Wirhib {rPois rC+ Will+ Int-2}

@: berserking, grasped by roots, corroded, flying, constricted, very quick
A: horns 2, retaliatory headbutt
a: Renounce Religion, Berserk, Trog's Hand, Brothers in Arms


You were on level 1 of the Swamp.
You worshipped Trog.
Trog was extremely pleased with you.
You visited 4 branches of the dungeon, and saw 23 of its levels.
You visited the Abyss 1 time.
You also visited: Ice Cave.

You collected 2077 gold pieces.
You spent 243 gold pieces at shops.

Inventory:

Hand Weapons
 a - a +2 vorpal broad axe (weapon)
 b - the +9 lance "Wyrmbane" {slay drac, rPois rF+ rC+ AC+3}
   (You took it off Maggie on level 7 of the Dungeon)

   It inflicts extra damage against dragons and draconians.
   AC:        It affects your AC (+3).
   rF:        It protects you from fire.
   rC:        It protects you from cold.
   rPois:     It protects you from poison.
Missiles
 B - 26 boomerangs (quivered)
 E - 9 curare-tipped darts
 Q - a throwing net
Armour
 s - a +0 pair of boots (worn)
 w - a +2 cloak of poison resistance (worn)
 x - a scarf of resistance
 G - a +1 pair of gloves (worn)
 L - a +0 kite shield of reflection (worn)
 P - a +2 crystal plate armour of cold resistance (worn)
Jewellery
 d - an amulet of the acrobat (around neck)
 n - a ring of flight (left hand)
 C - a ring of protection from cold
 D - the ring of Wirhib (right hand) {rPois rC+ Will+ Int-2}
   (You bought it in a shop on level 7 of the Dungeon)

   [ring of poison resistance]

   Int:       It affects your intelligence (-2).
   rC:        It protects you from cold.
   rPois:     It protects you from poison.
   Will:      It increases your willpower.
 H - a ring of resist corrosion
 T - a +4 ring of slaying
Wands
 f - a wand of acid (15)
 v - a wand of roots (18)
 y - a wand of charming (8)
 F - a wand of mindburst (4)
 J - a wand of digging (2)
 K - a wand of flame (17)
 O - a wand of polymorph (9)
Scrolls
 e - 6 scrolls of immolation
 g - 3 scrolls of enchant armour
 k - 5 scrolls of poison
 l - 2 scrolls of fear
 o - 4 scrolls of summoning
 p - 3 scrolls of fog
 r - 8 scrolls of identify
 u - 3 scrolls of teleportation
 I - a scroll of silence
 N - 2 scrolls of magic mapping
Potions
 h - 4 potions of attraction
 j - 9 potions of lignification
 m - 2 potions of flight
 q - 5 potions of haste
 t - 6 potions of curing
 z - 3 potions of mutation
 A - 3 potions of berserk rage
 M - 2 potions of invisibility
 R - 3 potions of might
 S - a potion of resistance


   Skills:
 + Level 16.5 Fighting
 - Level 17.4(18.0) Axes
 - Level 7.4(13.4) Polearms
 * Level 17.3 Armour
 + Level 10.1 Dodging
 + Level 14.2 Shields


You had 14 spell levels left.
You didn't know any spells.
Your spell library was empty.

Dungeon Overview and Level Annotations

Branches:
Dungeon (15/15) Temple (0/1) D:7 Lair (5/5) D:10 Swamp (1/4) Lair:2 Spider (0/4) Lair:3 Slime (0/5) Lair:4 Orc (2/2) D:12 Elf (0/3) Orc:2 Vaults (0/5) D:13 D:14 Depths (0/4) D:15 IceCv (visited)

Altars:
Ashenzari
Kikubaaqudgha
Ru
Sif Muna
Yredelemnul
Zin
The Shining One
Jiyva

Shops:
D:7 *   D:11 *   Orc:2 ([(=*

Annotations:
D:13 1 runed translucent door
Orc:2 3 runed translucent doors, kalagan's ghost, journeyman DECj


Innate Abilities, Weirdness & Mutations

You have a pair of horns on your head.
You reflexively headbutt those who attack you in melee.


Message History

* * * LOW HITPOINT WARNING * * *
The hornet stings you but does no damage.
The will-o-the-wisp gestures.
The will-o-the-wisp conjures some foxfire!
You block the goliath frog's attack.
The grasping roots constrict you. 2 foxfires come into view.
You escape the roots grasp.
The hornet stings you but does no damage.
The foxfire hits you!
* * * LOW HITPOINT WARNING * * *
The hornet misses you. The hornet attacks as you move away!
You block the hornet's attack.
The goliath frog hits you but does no damage.
Roots burst forth from the earth!
The grasping roots grab you! The grasping roots constrict you.
The roots grasp on you weakens, but your attempt to escape fails.
The goliath frog hits you from afar.
* * * LOW HITPOINT WARNING * * *
You are splashed with acid!
* * * LOW HITPOINT WARNING * * *
You feel much better.
The hornet stings you but does no damage.
The goliath frog hits you but does no damage.
The grasping roots constrict you!
* * * LOW HITPOINT WARNING * * *
The will-o-the-wisp blinks!
The goliath frog hits you from afar.
* * * LOW HITPOINT WARNING * * *
The acid corrodes you!
You are splashed with acid!
* * * LOW HITPOINT WARNING * * *
The hornet stings you.
* * * LOW HITPOINT WARNING * * *
Unknown command.
A red film seems to cover your vision as you go berserk!
You feel yourself moving faster!
You feel mighty! The tyrant leech bites you.
* * * LOW HITPOINT WARNING * * *
The tyrant leech draws strength from your injuries!
The hornet stings you but does no damage.
The grasping roots constrict you!
You die...

♣♣♣ ♣~♣♣♣ ♣♣♣♣~..♣♣♣♣
♣♣.~..~~~~.♣♣♣
♣♣/.~~~.~.....♣♣
♣♣..~~.♣.♣♣♣..@w♣♣♣
♣...(....♣ ♣♣♣.y.~♣♣♣
♣.~~♣♣♣♣<†♣ ♣.Ff~..♣♣♣
... ♣.^♣ ♣♣...~~.~♣♣ .
♣..♣ ♣♣♣v~§.♣.♣ ~ .>.♣
♣♣.....(♣~♣♣ .~~ ♣♣..♣
♣~.~~.~§..v♣♣.~~~ ♣...
.(..~.♣~.~.......§~
♣.♣.~.♣♣.~~~~.†.≈)..~~.~


You could see a shambling mangrove, a tyrant leech, a goliath frog, a
will-o-the-wisp and a hornet.

Vanquished Creatures
  Jorgrun (Orc:2)
  Rupert (D:14)
  A tentacled starspawn (Abyss:3)
  Donald (Lair:2)
  An orc warlord (Orc:2)
  A reaper (IceCv)
  Snorg (D:10)
  A fenstrider witch zombie (Abyss:3)
  4 hydras
  Fannar (Lair:1)
  3 catoblepae (Lair:5)
  5 boulder beetles
  An ogre mage (D:15)
  3 centaur warriors
  7 two-headed ogres
  An alligator (Swamp:1)
  2 death knights
  Urug (D:11)
  8 death yaks (Lair:5)
  3 orc high priests (Orc:2)
  2 thrashing horrors (Abyss:3)
  A tengu warrior (D:14)
  A wretched star (Abyss:2)
  Sonja (Lair:4)
  A skeletal warrior (D:15)
  9 starcursed masses (Abyss:3)
  2 goliath frogs (Swamp:1)
  A swamp dragon (Swamp:1)
  A deep elf zephyrmancer (D:15)
  6 orc knights
  A necromancer (D:15)
  3 wizards
  A lindwurm (Lair:3)
  A wolf spider (D:14)
  5 deep elf pyromancers
  Pikel (D:8)
  4 manticores
  5 orc sorcerers
  A manticore (shapeshifter) (D:14)
  6 ugly things (D:15)
  4 cyclopes
  4 elephants (Lair:3)
  3 centaur zombies (D:15)
  A black mamba (shapeshifter) (D:14)
  A naga mage (D:15)
  2 ice statues (IceCv)
  A black mamba (Lair:2)
  6 cane toads
  A gargoyle (D:10)
  A torpor snail (Lair:5)
  A centaur skeleton (D:15)
  Maggie (D:7)
  2 rime drakes (Lair:1)
  2 unseen horrors
  A kobold demonologist (Abyss:3)
  9 komodo dragons
  A freezing wraith (D:15)
  6 polar bears
  9 trolls
  2 tengu conjurers
  8 ice devils (IceCv)
  A wolf spider simulacrum (D:14)
  A blink frog (shapeshifter) (D:14)
  A troll (shapeshifter) (D:14)
  A tyrant leech (Swamp:1)
  4 large abominations (Abyss:3)
  19 blink frogs
  9 slime creatures
  5 dream sheep (Lair:4)
  2 jumping spiders (Lair:3)
  3 shadows
  A centaur simulacrum (D:14)
  A spriggan (Lair:3)
  46 yaks
  A vampire (D:13)
  A ynoxinul (Abyss:3)
  5 wyverns
  A dire elephant simulacrum (IceCv)
  4 wraiths
  16 humans
  3 fire elementals (D:12)
  A golden eye (shapeshifter) (D:14)
  2 death yak simulacra (IceCv)
  4 basilisks
  2 redbacks (Lair:3)
  9 vampire mosquitoes
  4 wargs
  2 swamp worms (Swamp:1)
  4 acid dragons
  A hydra simulacrum (IceCv)
  12 water moccasins
  Duvessa (D:7)
  An ice beast (D:8)
  2 black bears
  36 orc warriors
  3 sky beasts
  2 swamp drakes
  4 boggarts (Lair:5)
  28 wolves
  4 ogres
  2 lemures
  3 phantoms
  4 centaurs
  5 kobold brigands
  8 bullfrogs
  A gnoll sergeant (D:9)
  A cane toad simulacrum (IceCv)
  6 necrophages
  A small abomination (Abyss:3)
  2 two-headed ogre simulacra (IceCv)
  A scorpion (D:7)
  15 wights
  Dowan (D:7)
  12 killer bees
  2 troll zombies (D:12)
  5 electric eels
  3 howler monkeys
  A lava snake (D:11)
  25 orc priests
  Crazy Yiuf (D:2)
  A gnoll bouda (D:4)
  5 iguanas
  Natasha (thrice) (D:2)
  16 orc wizards
  7 hell rats (Lair:1)
  2 polar bear simulacra (IceCv)
  A wolf simulacrum (IceCv)
  A troll simulacrum (IceCv)
  4 ogre zombies (D:12)
  3 adders
  8 gnolls
  A naga simulacrum (IceCv)
  A shadow imp (D:7)
  9 white imps
  2 ufetubi (IceCv)
  4 worms (D:3)
  3 dart slugs (D:2)
  91 orcs
  8 endoplasms
  5 giant cockroaches
  8 goblins
  9 hobgoblins
  16 kobolds
  4 quokkas
  4 ball pythons
  4 bats
  5 frilled lizards
  3 goblin zombies (D:12)
  A hobgoblin skeleton (D:12)
  2 hobgoblin zombies (D:12)
  3 orc skeletons (D:12)
  9 orc zombies (D:12)
  10 rats
  A spectral orc (D:7)
  A lurking horror (Abyss:3)
  A starspawn tentacle (Abyss:3)
768 creatures vanquished.

Vanquished Creatures (collateral kills)
  Nessos (Orc:2)
  A death yak simulacrum (IceCv)
  A polar bear simulacrum (IceCv)
  A white imp (IceCv)
  An ufetubus (IceCv)
5 creatures vanquished.

Vanquished Creatures (others)
  A spriggan (Swamp:1)
  An orc priest (Orc:1)
  An orc wizard (D:4)
  An orc (Orc:2)
  A bush (Lair:5)
  A demonic plant (Abyss:3)
  10 foxfires (Swamp:1)
  41 fungi
  27 plants
  16 starspawn tentacles (Abyss:3)
100 creatures vanquished.

Grand Total: 873 creatures vanquished

Notes
Turn   | Place    | Note
-------+----------+-------------------------------------------
     0 | D:1      | Gumption the Minotaur Berserker began the quest for the
                  | Orb.
     0 | D:1      | Reached XP level 1. HP: 19/19 MP: 0/0
   143 | D:1      | Reached XP level 2. HP: 25/27 MP: 1/1
   237 | D:1      | Found a faded altar of an unknown god.
   939 | D:1      | Reached XP level 3. HP: 33/33 MP: 2/2
  1369 | D:2      | Found a broken altar of Ashenzari.
  1408 | D:2      | Noticed Natasha
  1409 | D:2      | Reached ** piety under Trog
  1414 | D:2      | Killed Natasha
  1415 | D:2      | Reached skill level 5 in Axes
  1415 | D:2      | Reached XP level 4. HP: 41/41 MP: 3/3
  1538 | D:2      | Found a runed translucent door.
  1539 | D:2      | Noticed Crazy Yiuf
  1682 | D:2      | Killed Crazy Yiuf
  1752 | D:2      | Noticed Natasha
  1763 | D:2      | Killed Natasha
  1764 | D:2      | Reached XP level 5. HP: 42/47 MP: 4/4
  1814 | D:2      | Noticed Natasha
  1820 | D:2      | Killed Natasha
  1898 | D:3      | Reached skill level 5 in Fighting
  2698 | D:3      | Reached XP level 6. HP: 54/56 MP: 5/5
  3725 | D:5      | Entered Level 5 of the Dungeon
  3733 | D:5      | Reached skill level 5 in Armour
  3733 | D:5      | Reached XP level 7. HP: 46/62 MP: 6/6
  4060 | D:5      | You are sucked into a shaft and drop 3 floors!
  4111 | D:7      | Noticed Pikel
  4187 | D:7      | Noticed a wyvern
  4209 | D:7      | Reached *** piety under Trog
  4273 | D:7      | Found a staircase to the Ecumenical Temple.
  4328 | D:6      | Identified the +1 whip of Honour {holy, Str+2 Dex+3}
  4952 | D:7      | Reached XP level 8. HP: 55/71 MP: 7/7
  5074 | D:7      | Found a basalt altar of Yredelemnul.
  5199 | D:7      | Noticed Dowan
  5200 | D:7      | Noticed Duvessa
  5206 | D:7      | Killed Dowan
  5206 | D:7      | Noticed Maggie
  5209 | D:7      | Killed Duvessa
  5217 | D:7      | Killed Maggie
  5218 | D:7      | Reached skill level 10 in Axes
  5316 | D:7      | Reached skill level 1 in Polearms
  5406 | D:7      | Reached XP level 9. HP: 79/81 MP: 8/8
  5598 | D:7      | Found Etynoth's Assorted Antiques.
  5605 | D:7      | Bought a scroll of identify for 54 gold pieces
  5874 | D:7      | Bought a slimy iron ring for 135 gold pieces
  5874 | D:7      | Identified the ring of Wirhib {rPois rC+ Will+ Int-2} (You
                  | bought it in a shop on level 7 of the Dungeon)
  5915 | D:8      | Reached **** piety under Trog
  5916 | D:8      | Reached skill level 5 in Polearms
  6552 | D:8      | Noticed a two-headed ogre
  6558 | D:8      | Killed a two-headed ogre
  6559 | D:8      | Reached XP level 10. HP: 43/91 MP: 9/9
  6842 | D:8      | Killed Pikel
  7099 | D:9      | Found an ancient bone altar of Kikubaaqudgha.
  8084 | D:9      | Noticed a two-headed ogre
  8101 | D:9      | Killed a two-headed ogre
  8102 | D:9      | Reached skill level 10 in Fighting
  8436 | D:9      | Reached ***** piety under Trog
  8497 | D:9      | Reached skill level 10 in Armour
  8729 | D:10     | Entered Level 10 of the Dungeon
  8885 | D:10     | Reached skill level 1 in Shields
  8903 | D:10     | Reached XP level 11. HP: 79/101 MP: 10/10
  9426 | D:10     | Found a staircase to the Lair.
  9516 | D:10     | Noticed Snorg
  9535 | D:10     | Received a gift from Trog
  9543 | D:10     | Killed Snorg
  9544 | D:10     | Reached skill level 5 in Shields
  9726 | D:10     | Found a glowing silver altar of Zin.
  9726 | D:10     | Found a glowing golden altar of the Shining One.
  9728 | D:10     | Found a shimmering blue altar of Sif Muna.
  9973 | D:11     | Noticed a boulder beetle
 10005 | D:11     | Killed a boulder beetle
 10012 | D:11     | Noticed a two-headed ogre
 10020 | D:11     | Killed a two-headed ogre
 10327 | D:11     | Found Kiunez's Assorted Antiques.
 10376 | D:11     | Bought a scroll of identify for 54 gold pieces
 10519 | D:11     | Noticed a boulder beetle
 10547 | D:11     | Killed a boulder beetle
 10953 | D:11     | Found a sacrificial altar of Ru.
 11007 | D:11     | Noticed Urug
 11021 | D:11     | Killed Urug
 11965 | D:12     | Found a staircase to the Orcish Mines.
 11973 | D:12     | Reached XP level 12. HP: 108/110 MP: 11/11
 12708 | D:12     | Reached skill level 15 in Axes
 13184 | Lair:1   | Entered Level 1 of the Lair of Beasts
 13200 | Lair:1   | Found a frozen archway.
 13218 | IceCv    | Entered an ice cave
 14024 | IceCv    | Noticed a reaper
 14443 | IceCv    | Killed a reaper
 15076 | Lair:1   | Noticed a four-headed hydra
 15088 | Lair:1   | Killed a four-headed hydra
 15123 | Lair:1   | Reached XP level 13. HP: 122/122 MP: 12/12
 15327 | Lair:1   | Noticed Fannar
 15345 | Lair:1   | Killed Fannar
 15681 | Lair:2   | Reached skill level 10 in Shields
 15752 | Lair:2   | Found a staircase to the Swamp.
 15824 | Lair:2   | Received a gift from Trog
 15906 | Lair:2   | Identified the +2 falchion "Yxzof" {venom, SInv}
 17399 | Lair:3   | Found a hole to the Spider Nest.
 18145 | Lair:4   | Reached skill level 5 in Dodging
 18721 | Lair:4   | Noticed Sonja
 18728 | Lair:4   | Killed Sonja
 18809 | Lair:4   | Found a viscous altar of Jiyva.
 18809 | Lair:4   | Found a staircase to the Slime Pits.
 19302 | Lair:5   | Entered Level 5 of the Lair of Beasts
 19372 | Lair:5   | Received a gift from Trog
 19408 | Lair:5   | Reached XP level 14. HP: 96/132 MP: 13/13
 21476 | Orc:1    | Entered Level 1 of the Orcish Mines
 22053 | Orc:1    | Identified the +1 hand axe of Deflation {vorpal, Drain
                  | rPois rCorr} (Trog gifted it to you on level 1 of the
                  | Orcish Mines)
 22053 | Orc:1    | Received a gift from Trog
 22468 | Orc:2    | Entered Level 2 of the Orcish Mines
 22469 | Orc:2    | Found Mopsu's Weapon Shop.
 22744 | Orc:2    | Reached skill level 15 in Fighting
 22757 | Orc:2    | Found Uxtufup's Antique Armour Shop.
 22989 | Orc:2    | Noticed kalagan's ghost (journeyman DECj)
 23009 | Orc:2    | Found a staircase to the Elven Halls.
 23137 | Orc:2    | Noticed Jorgrun
 23161 | Orc:2    | Killed Jorgrun
 23425 | Orc:2    | Found Usuydoid's Antique Weapon Shop.
 23460 | Orc:2    | Noticed an orc warlord
 23491 | Orc:2    | Reached skill level 15 in Armour
 23513 | Orc:2    | Killed an orc warlord
 23767 | Orc:2    | Noticed Nessos
 23807 | Orc:2    | Killed Nessos
 24289 | Orc:2    | Found Myaletur's General Store.
 24495 | Orc:2    | Found Ecvuf's Jewellery Boutique.
 24506 | Orc:2    | Reached XP level 15. HP: 141/141 MP: 14/14
 24558 | Orc:2    | Found a runed translucent gate.
 24558 | Orc:2    | Found a runed translucent gate.
 24559 | Orc:2    | Found a runed translucent gate.
 25123 | D:13     | Found a runed translucent door.
 25124 | D:13     | Noticed a storm dragon
 25251 | D:13     | Received a gift from Trog
 25772 | D:14     | Noticed Rupert
 25772 | D:14     | Found a gate to the Vaults.
 25780 | D:14     | Killed Rupert
 26257 | Abyss:2  | Cast into level 2 of the Abyss (a wizard)
 26349 | Abyss:3  | Noticed a tentacled starspawn
 26355 | Abyss:3  | Killed a tentacled starspawn
 26362 | Abyss:3  | Found a corrupted altar of Lugonu.
 26363 | Abyss:3  | Noticed a lich
 26380 | Abyss:3  | Paralysed by accursed screaming for 1 turns
 26537 | Abyss:3  | Noticed a tentacled starspawn
 26581 | Abyss:3  | Noticed a bone dragon
 26582 | Abyss:3  | Noticed a tentacled starspawn
 26681 | D:14     | Escaped the Abyss
 27657 | D:15     | Entered Level 15 of the Dungeon
 28914 | D:15     | Found a staircase to the Depths.
 28925 | D:15     | Reached skill level 10 in Dodging
 29222 | Swamp:1  | Entered Level 1 of the Swamp
 29224 | Swamp:1  | Noticed Donald
 29258 | Lair:2   | HP: 10/217 [poisoned by Donald]
 29262 | Lair:2   | Killed Donald
 29263 | Lair:2   | HP: 6/217 [poisoned by Donald]
 29882 | Swamp:1  | HP: 6/145 [acid (9)]
 29883 | Swamp:1  | Constricted to death by a shambling mangrove

Illustrated notes

Levels and vault maps discovered:
D:1:      kennysheep_arrival_forest, layout_basic,
          hellmonk_ecumenical_altar_pennies_from_heaven
D:2:      layout_rooms, basic_altar, uniq_natasha, uniq_crazy_yiuf_cottage
D:3:      layout_loops_corners
D:4:      layout_cave_pods
D:5:      layout_rooms, serial_shops, kennysheep_mini
D:6:      layout_cave_pools
D:7:      layout_gridville, yredelemnul_forgotten_temple_becter,
          minmay_temple_entry_sparse_star, minmay_splitting_lines,
          nicolae_stop_n_shop_1, minmay_holes, kennysheep_opposing_triangles,
          uniq_maggie, uniq_pikel, uniq_duvessa
D:8:      layout_cave_pools
D:9:      layout_loops_corners, nicolae_kikubaaqudgha_miasma_corner,
          special_room [special_room_orc], kennysheep_generic_room_11
D:10:     layout_rooms, grunt_temple_overflow_open, erik_lair_dragon,
          kennysheep_generic_room_16, uniq_snorg
D:11:     layout_loops_cross, serial_shops, nicolae_inconvenience_store,
          nicolae_ru_awakened_eye, uniq_urug
D:12:     cheibrodos_lost_city_excavation, layout_basic, zombieorc1_lemuel
D:13:     layout_long_grid, kennysheep_treasure_room
D:14:     minmay_ambush_box, layout_irregular_city, david_vaults_3,
          solitary_fountain, grunt_ministairs_15, st_stairs_13,
          nicolae_fountain_basement
D:15:     grunt_enter_depths_magical_seal, layout_basic, nrook_uturn
Lair:1:   layout_small_grid, portal_ice_cave_rime, grunt_megastairs_3,
          uniq_fannar
Lair:2:   layout_cave_shapes, swamp_mist_pool, chequers_serial_rivers_small_b,
          roderic_carrion_pond
Lair:3:   layout_cave_pods, spider_nest_entry_a,
          grunt_forest_large_clearing_hut, serial_bayou_shore_b,
          grunt_megastairs_2
Lair:4:   layout_long_grid, dpeg_slime_entry_enclosed, serial_bayou_shore_a,
          uniq_sonja
Lair:5:   evilmike_catoblepas_cave, layout_cave_pods,
          nicolae_quartered_pool_little, kilobyte_rumbling_trees
Swamp:1:  layout_falls_marsh, ebering_ghost_reflecting_pool,
          nicolae_swamp_bean_lake, uniq_donald
Orc:1:    layout_caves, minmay_orc_temple_b
Orc:2:    grunt_orc_gardens, layout_caves, grunt_orc_garden, grunt_orc_garden,
          grunt_orc_garden, grunt_orc_garden, serial_shops, shop, basic_altar,
          gammafunk_ghost_split, nicolae_orc_damp_corner, uniq_jorgrun,
          uniq_nessos

Skill      XL: |  1  2  3  4  5  6  7  8  9 10 11 12 13 14 15 |
---------------+----------------------------------------------+-----
Axes           | 4 5 6 7 8 10 11 13 14 15 16 17 | 17.4
Fighting       | 4 5 6 8 9 10 11 13 14 15 16 | 16.5
Armour         | 3 4 5 6 7 8 10 11 12 13 15 17 | 17.3
Polearms       | 2 7 |  7.4
Shields        | 2 7 9 11 12 14 | 14.2
Dodging        | 5 8 10 | 10.1

Action                   |  1- 3 |  4- 6 |  7- 9 | 10-12 | 13-15 || total
-------------------------+-------+-------+-------+-------+-------++-------
Melee: Hand axe          |    63 |   162 |    53 |       |       ||   278
       Headbutt          |     7 |    24 |    39 |   139 |   326 ||   535
       Punch             |       |     3 |     3 |     2 |       ||     8
       War axe           |       |       |    96 |   554 |   276 ||   926
       Lance             |       |       |    68 |    82 |   161 ||   311
       Broad axe         |       |       |       |       |   798 ||   798
Invok: Berserk           |     1 |     1 |     1 |     2 |     8 ||    13
       Trog's Hand       |     1 |     2 |       |     5 |    13 ||    21
       Brothers in Arms  |       |       |       |     1 |     1 ||     2
Evoke: Wand              |       |       |       |       |     1 ||     1
  Use: Scroll            |     3 |     1 |     6 |    15 |     6 ||    31
       Potion            |       |       |       |       |     4 ||     4
 Stab: Sleeping          |       |     1 |       |       |       ||     1
       Confused          |       |       |       |     2 |     1 ||     3
Armor: Animal skin       |     6 |     3 |       |       |       ||     9
       Ring mail         |       |    10 |       |       |       ||    10
       Chain mail        |       |    32 |    30 |       |       ||    62
       Plate armour      |       |       |   109 |   269 |       ||   378
       Crystal plate arm |       |       |       |    34 |   681 ||   715
Dodge: Dodged            |    38 |    57 |   107 |   217 |   399 ||   818
Block: Buckler           |       |       |       |    88 |   350 ||   438
       Kite shield       |       |       |       |       |    79 ||    79
